 Dungeon Crawl Stone Soup version 0.28.0-53-g5a82cb258f (webtiles) character file.

Game seed: 15976417295543692970

37 Caestello the Vexing (level 3, -2/26 HPs)
             Began as a Formicid Arcane Marksman on June 20, 2022.
             Slain by a goblin
             ... wielding a +0 dagger
              (4 damage)
             ... on level 2 of the Dungeon.
             The game lasted 00:03:52 (1730 turns).

Caestello the Vexing (Formicid Arcane Marksman)     Turns: 1730, Time: 00:03:53

Health: -2/26      AC:  3    Str: 20    XL:     3   Next: 60%
Magic:  4/4        EV: 11    Int: 12    God:
Gold:   25         SH:  0    Dex: 13    Spells: 0/4 levels left

rFire   . . .      SeeInvis +   b - +2 dagger (protect)
rCold   . . .      Faith    .   i - -4 buckler of Complete Protection {rN+ Str+6}
rNeg    + . .      Spirit   .   d - +0 robe
rPois   .          Reflect  .   (helmet unavailable)
rElec   .          Harm     .   (no cloak)
rCorr   .          Rampage  .   (no gloves)
Will    .....                   h - +0 pair of boots
Stlth   +.........              (no amulet)
HPRegen 0.08/turn               (no ring)
MPRegen 0.09/turn               (no ring)

@: no status effects
A: permanent stasis, dig shafts and tunnels, antennae 3, four strong arms
a: Dig, Shaft Self


You were on level 2 of the Dungeon.
You visited 1 branch of the dungeon, and saw 2 of its levels.

You collected 25 gold pieces.

Inventory:

Hand Weapons
 a - a +0 hand crossbow
 b - a +2 dagger of protection (weapon)
Missiles
 c - 32 bolts
 j - 26 arrows
Armour
 d - a +0 robe (worn)
 h - a +0 pair of boots (worn)
 i - the -4 buckler of Complete Protection (worn) {rN+ Str+6}
   (You found it on level 2 of the Dungeon)

   Str:       It affects your strength (+6).
   rN:        It protects you from negative energy.
Potions
 e - a potion of invisibility {unknown}
 f - a potion of lignification {unknown}


   Skills:
 + Level 1.4 Fighting
 + Level 1.0 Short Blades
 + Level 2.7 Crossbows
 + Level 1.9 Dodging
 + Level 0.4 Stealth
 + Level 1.1 Spellcasting
 + Level 4.1 Hexes


You couldn't memorise any spells.
You knew the following spells:

 Your Spells              Type           Power      Damage    Failure   Level
a - Slow                  Hex            40%        N/A       7%          1
b - Inner Flame           Hex/Fire       5%         N/A       43%         3

Your spell library contained the following spells:

 Spells                   Type           Power      Damage    Failure   Level
 Magic Dart               Conj           0%         1d3       36%         1
 Portal Projectile        Hex/Tloc       10%        N/A       43%         3
 Call Imp                 Summ           0%         N/A       50%         2
 Cause Fear               Hex            5%         N/A       56%         4
 Mephitic Cloud           Conj/Pois/Air  0%         N/A       75%         3


Dungeon Overview and Level Annotations

Branches:
Dungeon (2/15)

Altars:

Annotations:
D:2 Robin


Innate Abilities, Weirdness & Mutations

You cannot be hasted, slowed, berserked, paralysed or teleported.
You can dig through walls and to a lower floor.
You have a pair of large antennae on your head. (SInv)
Your four strong arms can wield two-handed weapons with a shield.


Message History

The rat bites you. The goblin hits you but does no damage.
The hobgoblin hits you but does no damage.
The goblin hits you with a +0 dagger. The rat closely misses you.
You hit the hobgoblin but do no damage.
The hobgoblin is almost dead.
The hobgoblin hits you but does no damage.
The rat barely misses you. The goblin closely misses you.
You hit the hobgoblin.
You kill the hobgoblin!
The rat bites you but does no damage. The goblin hits you but does no damage.
You hit the goblin.
You kill the goblin!
The goblin hits you with a +0 dagger. The rat barely misses you.
Your Short Blades skill increases to level 1!
You hit the goblin.
The goblin is severely wounded.
Robin closely misses you. The goblin closely misses you.
The rat barely misses you.
You closely miss the goblin.
The goblin is severely wounded.
Robin throws the goblin at you! The goblin closely misses you.
The rat barely misses you.
You barely miss the goblin.
The goblin is severely wounded.
The goblin hits you with a +0 club.
Robin drinks a potion.
Robin seems to grow stronger.
The goblin closely misses you. The rat misses you.
As you read the scroll labelled XIKHLU ODEEN, it crumbles to dust.
You feel aware of your surroundings.
You sensed 1 altar.
It was a scroll of magic mapping.
The goblin hits you with a +0 club.
* * * LOW HITPOINT WARNING * * *
Robin hits you from afar with a +0 spear.
* * * LOW HITPOINT WARNING * * *
The goblin hits you but does no damage. The rat closely misses you.
You extend your mandibles.
Unknown command.
Are you sure you want to shaft yourself?
The goblin misses you. Robin barely misses you.
The goblin hits you with a +0 dagger.
You die...

,****** *,,,,,* *,,,,,,,,**,,,,,
,****≈***,,,..****,,,,,,,,**,,,,,
≈,,,≈≈≈,,,,,...,,,,,,,,,,,,,,,,,>
≈*,≈≈≈≈≈*,,,,..***,,,,,,,,*******
**+**≈≈≈,,,*{#.* *,,,,,,,,,,,*
*,,,*≈≈≈≈*,#,#.#******,,,,,,,*
*,_,*≈≈≈≈..#.#gg* *,,,,,,,*
*,,,*≈≈≈≈#..[.#r## **,,,,,,*
*****≈≈≈≈......g@# *,,,,,,*
≈≈≈≈≈≈≈≈*#.....#g# *,,,,,,*
≈≈≈≈≈≈≈≈,.....,#)# *,,,,,,*
≈≈≈≈≈≈,,,....,,#)# *,,,,,,*
≈≈≈≈,,,,,...,..#.## *,,,,,,*
,,,,,,,,,..,,..#..# **,*****
,,,,,,***#***#.##.## *,* ,,,,,,*
#.##..# *,* ,****** #.###.## *,*


You could see Robin (strong), a hobgoblin (strong), 2 goblins and a rat.

Vanquished Creatures
  A dart slug (D:1)
  3 ball pythons (D:1)
  5 endoplasms
  6 goblins
  6 hobgoblins
  3 jackals (D:1)
  3 kobolds (D:1)
  2 frilled lizards (D:2)
  A rat (D:1)
30 creatures vanquished.

Vanquished Creatures (others)
  10 toadstools (D:2)
10 creatures vanquished.

Grand Total: 40 creatures vanquished

Notes
Turn   | Place    | Note
-------+----------+-------------------------------------------
     0 | D:1      | Caestello the Formicid Arcane Marksman began the quest for
                  | the Orb.
     0 | D:1      | Reached XP level 1. HP: 15/15 MP: 2/2
   333 | D:1      | Reached XP level 2. HP: 21/21 MP: 3/3
   404 | D:1      | Reached skill level 4 in Hexes
   916 | D:1      | Reached XP level 3. HP: 23/26 MP: 4/4
   997 | D:1      | Learned a level 3 spell: Inner Flame
  1561 | D:2      | Identified the -4 buckler of Complete Protection {rN+
                  | Str+6}
  1717 | D:2      | Noticed Robin
  1726 | D:2      | Reached skill level 1 in Short Blades
  1730 | D:2      | Slain by a goblin

Illustrated notes

Levels and vault maps discovered:
D:1:      eino_arrival_tree_alley, layout_basic
D:2:      cheibrodos_fertilizer, layout_basic, nicolae_ecumenical_lake_church,
          uniq_robin

Skill      XL: |  1  2  3 |
---------------+----------+-----
Hexes          | 4 |  4.1
Short Blades   | 1 |  1.0
Fighting       | |  1.4
Crossbows      | |  2.7
Dodging        | |  1.9
Stealth        | |  0.4
Spellcasting   | |  1.1

Action                   || total
-------------------------++-------
Melee: Dagger            ||    77
 Fire: Hand crossbow     ||     9
 Cast: Slow              ||     2
 Abil: Dig               ||     1
       Shaft Self        ||     1
  Use: Scroll            ||     1
 Stab: Sleeping          ||     1
Armor: Robe              ||    27
Dodge: Dodged            ||    50
